 Dungeon Crawl Stone Soup version 0.21-a0-133-gf55ed5b (webtiles) character file.

12 4thArraOfDagon the Caller (level 2, 4/11 HPs)
             Began as a Felid Summoner on July 17, 2017.
             Was an Initiate of the Shining One.
             Quit the game on level 3 of the Dungeon.
             The game lasted 00:02:00 (668 turns).

4thArraOfDagon the Caller (Felid Summoner)           Turns: 668, Time: 00:02:01

Health: 4/11       AC:  1    Str:  4    XL:     2   Next: 20%
Magic:  5/6        EV: 18    Int: 16    God:    the Shining One [......]
Gold:   0          SH:  0    Dex: 16    Spells: 4/5 levels left
                                        Lives:  0   Deaths: 0

rFire    . . .     SeeInvis +     - Unarmed
rCold    . . .     Gourm    .   (shield unavailable)
rNeg     . . .     Faith    .   (armour unavailable)
rPois    .         Spirit   .   (helmet unavailable)
rElec    .         Reflect  .   (cloak unavailable)
rCorr    .         Harm     .   (gloves unavailable)
MR       .....                  (boots unavailable)
Stlth    +.........             (no amulet)
HPRegen  0.03/turn              (no ring)
MPRegen  0.10/turn              (no ring)

@: glowing, quick
A: no armour, no weapons or thrown items, stealth, claws 1, fangs 3, see
invisible, carnivore 3, speed 1, shaggy fur 1, slow metabolism 1, sharp paws
a: Renounce Religion


You were on level 3 of the Dungeon.
You worshipped the Shining One.
The Shining One was noncommittal.
You were not hungry.

You visited 1 branch of the dungeon, and saw 4 of its levels.

Inventory:

Books
 a - a book of Callings

   Spells                             Type                      Level
   a - Summon Small Mammal            Summoning                    1
   b - Call Imp                       Summoning                    2
   c - Call Canine Familiar           Summoning                    3
   d - Summon Guardian Golem          Hexes/Summoning              3
   e - Summon Lightning Spire         Summoning/Air                4
   f - Summon Ice Beast               Ice/Summoning                4
Comestibles
 b - a meat ration


   Skills:
 + Level 3.1 Dodging
 + Level 3.0 Stealth
 * Level 1.2 Unarmed Combat
 - Level 2.0 Spellcasting
 - Level 4.0 Summonings


You had 4 spell levels left.
You knew the following spells:

 Your Spells              Type           Power        Failure   Level  Hunger
a - Summon Small Mammal   Summ           ##..         4%          1    #......


Dungeon Overview and Level Annotations

Branches:
Dungeon (4/15)
 Temple: D:4-7

Altars:
The Shining One

Annotations:
D:4 tilp's ghost, amateur HOFE


Innate Abilities, Weirdness & Mutations

You cannot wear armour.
You are incapable of wielding weapons or throwing items.
Your paws allow you to move quietly. (Stealth)
You have sharp claws.
You have razor-sharp teeth.
You have supernaturally acute eyesight. (SInv)
You are carnivorous and can eat meat at any time.
You cover ground quickly.
You are covered in fur. (AC +1)
You have a slow metabolism.
Your sharp claws are effective at attacking unaware monsters.


Message History

Confirm with . or Enter, or press ? or * to list all spells.
Something bites your quokka.
Your quokka is poisoned.
Something poisons your quokka! The ooze hits you. Something bites your quokka.
Unknown command.
You scratch the ooze but do no damage. The ooze completely misses you.
Something misses your quokka.
Your quokka bites the ooze but does no damage.
Unknown command.
You scratch the ooze but do no damage. The ooze hits you.
Something barely misses your quokka.
Your quokka barely misses the ooze.
Unknown command.
You barely miss the ooze. You bite the ooze.
The ooze is moderately wounded.
Something bites your quokka.
Your quokka dies!
Your quokka's corpse disappears in a puff of smoke!
The ooze hits you.
Unknown command.
Are you sure you want to abandon this character and quit the game? (Confirm with "yes".)

....... .......
.......##
.........
........#
......So# #.#
######### #S###
#.......# #wJ@#
###.......####g###
........g.J....#
###.......###### #
#.......# #
#.......# #
#.......# #
#.......# #
#.......#


You could see an ooze, an adder, a dart slug and a hobgoblin.

Vanquished Creatures
  2 giant cockroaches
  2 goblins (D:3)
4 creatures vanquished.

Vanquished Creatures (collateral kills)
  An adder (D:3)
  A giant cockroach (D:2)
  A hobgoblin (D:3)
  A goblin (D:3)
4 creatures vanquished.

Grand Total: 8 creatures vanquished

Notes
Turn   | Place    | Note
-------+----------+-------------------------------------------
     0 | D:1      | 4thArraOfDagon the Felid Summoner began the quest for the Orb.
     0 | D:1      | Reached XP level 1. HP: 7/7 MP: 4/4
    84 | D:3      | Noticed an orc wizard
   118 | D:3      | Reached skill level 1 in Unarmed Combat
   145 | D:3      | Found a glowing golden altar of the Shining One.
   158 | D:3      | Became a worshipper of the Shining One
   220 | D:3      | Reached XP level 2. HP: 5/11 MP: 1/6
   596 | D:4      | Noticed tilp's ghost (amateur HOFE)
   668 | D:3      | Quit the game

Vault maps used:
D:1:      onia_arrival_pentagram
D:2:      first_bread, uniq_sigmund
D:3:      corner_web_ring, nicolae_tso_swordbearing_angel
D:4:      nicolae_overflow_crystal_walls

Skill      XL: |  1 |
---------------+----+-----
Unarmed Combat | 1 |  1.2
Dodging        | 3 |  3.1
Stealth        | 3 |  3.0
Spellcasting   | |  2.0
Summonings     | |  4.0

Action                   || total
-------------------------++-------
Melee: Unarmed           ||    14
       Bite              ||     4
 Cast: Summon Small Mamm ||    10
  Use: Potion            ||     1
       Scroll            ||     1
  Eat: Chunk             ||     1
Armor: Skin              ||     4
Dodge: Dodged            ||    12
